 Dungeon Crawl Stone Soup version 0.21-a0-122-g43b3ea6 (webtiles) character file.

1504 sagitran the Chopper (level 8, -4/67 HPs)
             Began as a Demonspawn Abyssal Knight on July 13, 2017.
             Was a Priest of Lugonu.
             Slain by a killer bee (7 damage)
             ... on level 7 of the Dungeon.
             The game lasted 00:27:11 (4837 turns).

sagitran the Chopper (Demonspawn Abyssal Knight)    Turns: 4837, Time: 00:27:11

Health: -4/67      AC: 11    Str: 14    XL:     8   Next: 52%
Magic:  9/9        EV: 10    Int: 15    God:    Lugonu [***...]
Gold:   236        SH:  0    Dex: 14    Spells: 4/7 levels left

rFire    x x .     SeeInvis .   o - +1 war axe
rCold    + + .     Gourm    .   (no shield)
rNeg     + . .     Faith    .   d - +1 scale mail "Nihul" {rElec rN+ Dex+2}
rPois    .         Spirit   .   (no helmet)
rElec    +         Reflect  .   (no cloak)
rCorr    .         Harm     .   (no gloves)
MR       .....                  (no boots)
Stlth    ++........             g - amulet of rage
HPRegen  0.61/turn              C - ring of ice
MPRegen  0.11/turn              y - ring of ice

@: lethally poisoned (-4 -> -18), hasted, very quick
A: thin metallic scales 2, foul stench 1, nightstalker 1, regeneration 1, robust
1, rot immunity
a: Depart the Abyss, Bend Space, Banish, Renounce Religion, Evoke Berserk Rage


You were on level 7 of the Dungeon.
You worshipped Lugonu.
Lugonu was most pleased with you.
You were not hungry.

You visited 2 branches of the dungeon, and saw 8 of its levels.
You visited the Abyss 1 time.

You collected 236 gold pieces.

Inventory:

Hand Weapons
 a - a +1 hand axe
 j - a +0 dagger of draining
 l - a +0 blowgun
 o - a +1 war axe (weapon)
Missiles
 m - 16 poisoned needles
Armour
 b - a +0 leather armour
 d - the +1 scale mail "Nihul" (worn) {rElec rN+ Dex+2}
   (You found it on level 4 of the Dungeon)

   It affects your dexterity (+2).
   It insulates you from electricity.
   It protects you from negative energy.
Jewellery
 g - an amulet of rage (around neck)
 u - a cursed amulet of the gourmand {unknown}
 y - a ring of ice (right hand)
 C - a ring of ice (left hand)
Wands
 p - a wand of iceblast (0/15)
 A - a wand of iceblast (0/15)
 E - a wand of confusion (10/48)
Scrolls
 e - 2 scrolls of amnesia
 f - 3 scrolls of remove curse
 h - a scroll of enchant armour {unknown}
 k - 3 scrolls of enchant weapon
 w - a scroll of random uselessness {unknown}
Potions
 i - 2 potions of mutation
 q - 3 potions of agility
 s - a potion of might {unknown}
 v - a potion of degeneration {unknown}
 B - 2 potions of resistance
Books
 D - a book of Misfortune

   Spells                             Type                      Level
   a - Confusing Touch                Hexes                        1
   b - Confuse                        Hexes                        3
   c - Gell's Gravitas                Translocation                3
   d - Petrify                        Transmutation/Earth          4
   e - Metabolic Englaciation         Hexes/Ice                    5
   f - Yara's Violent Unravelling     Hexes/Transmutation          5
 F - a book of Minor Magic

   Spells                             Type                      Level
   a - Magic Dart                     Conjuration                  1
   b - Blink                          Translocation                2
   c - Call Imp                       Summoning                    2
   d - Slow                           Hexes                        2
   e - Conjure Flame                  Conjuration/Fire             3
   f - Mephitic Cloud                 Conjuration/Poison/Air       3
Comestibles
 c - 3 meat rations
 n - a bread ration
 r - 2 royal jellies
 G - 3 fruits


   Skills:
 + Level 4.9 Fighting
 + Level 1.1 Short Blades
 + Level 6.5 Axes
 + Level 1.5 Throwing
 + Level 4.2 Armour
 + Level 2.6 Dodging
 + Level 1.9 Stealth
 * Level 2.7 Hexes
 + Level 2.4 Invocations
 + Level 0.6 Evocations


You had 4 spell levels left.
You knew the following spells:

 Your Spells              Type           Power        Failure   Level  Hunger
a - Confuse               Hex            #.......     71%         3    ####...


Dungeon Overview and Level Annotations

Branches:
Dungeon (7/15)             Temple (1/1) D:4

Altars:
Kikubaaqudgha
Wu Jian

Annotations:
D:6 Pikel


Innate Abilities, Weirdness & Mutations

You are mostly covered in thin metallic scales. (AC +3)
You may emit foul miasma when damaged in melee.
You are slightly more attuned to the shadows.
You are immune to rotting.
Your natural rate of healing is unusually fast.
You are robust. (+10% HP)


Message History

You see here an iguana corpse.
* * * LOW HITPOINT WARNING * * *
You feel sick.
* * * LOW HITPOINT WARNING * * *
You feel sick.
* * * LOW HITPOINT WARNING * * *
You feel sick. The killer bee stings you.
* * * LOW HITPOINT WARNING * * *
You are more poisoned.
The killer bee poisons you!
You slash the killer bee!
The killer bee is almost dead.
* * * LOW HITPOINT WARNING * * *
You feel sick.
The killer bee stings you but does no damage.
You closely miss the killer bee.
The killer bee is almost dead.
* * * LOW HITPOINT WARNING * * *
You feel sick. The killer bee stings you!
You die...

#..... .# #....# ..#
#....##..# #.....%..
#........ ###
##....# ...
....##.....#####....
...........†)†)'....
......@y.†...))#....
...........##..# ..
...........#####
...........†#..#
............'..#
......##...##..#
...... #...##..# ..
#....# .# #...##..#


You could see a killer bee.

Vanquished Creatures
  The ghost of grindst0ne the Charmwright, a novice HaSk (D:4)
  An orc warrior (D:7)
  2 slaves (D:7)
  A phantom (D:7)
  An ice beast (D:5)
  2 centaurs (D:7)
  A bullfrog (D:6)
  A scorpion (D:4)
  The ghost of Slowdrip the Ruffian, a weakling DrTm (D:3)
  3 killer bees (D:7)
  2 howler monkeys
  A centaur skeleton (D:4)
  An orc priest (D:6)
  2 worker ants
  An iguana (D:7)
  3 orc wizards
  A worker ant zombie (D:6)
  7 gnolls (D:2)
  7 adders
  A shadow imp (D:4)
  2 oozes (D:1)
  4 worms
  7 leopard geckos
  6 orcs
  2 ball pythons (D:2)
  3 giant cockroaches
  9 goblins
  6 hobgoblins
  5 jackals
  6 quokkas
  10 bats
  3 frilled lizards
  11 kobolds
  3 rats (D:1)
117 creatures vanquished.

Notes
Turn   | Place    | Note
-------+----------+-------------------------------------------
     0 | Abyss:1  | sagitran the Demonspawn Abyssal Knight began the quest for the Orb.
     0 | Abyss:1  | Reached XP level 1. HP: 18/18 MP: 2/2
     1 | Abyss:1  | Found a corrupted altar of Lugonu.
    12 | D:1      | Escaped the Abyss
   269 | D:1      | Reached skill level 2 in Axes
   292 | D:1      | Reached skill level 1 in Dodging
   292 | D:1      | Gained mutation: You are partially covered in thin metallic scales. (AC +2) [demonic ancestry]
   292 | D:1      | Reached XP level 2. HP: 5/24 MP: 3/3
  1287 | D:1      | Gained mutation: You are mostly covered in thin metallic scales. (AC +3) [demonic ancestry]
  1287 | D:1      | Reached XP level 3. HP: 29/29 MP: 4/4
  1483 | D:2      | Reached skill level 1 in Stealth
  1710 | D:2      | Reached ** piety under Lugonu
  2088 | D:2      | Gained mutation: You are immune to rotting. [demonic ancestry]
  2088 | D:2      | Reached XP level 4. HP: 26/35 MP: 5/5
  2533 | D:2      | Reached XP level 5. HP: 19/42 MP: 6/6
  2726 | D:2      | Gained mutation: You are robust. (+10% HP) [potion of mutation]
  2726 | D:2      | Gained mutation: Your natural rate of healing is unusually fast. [potion of mutation]
  2787 | D:2      | Reached skill level 1 in Short Blades
  2787 | D:2      | Reached skill level 1 in Throwing
  3138 | D:3      | Noticed Slowdrip's ghost (weakling DrTm)
  3150 | D:3      | Killed Slowdrip's ghost
  3150 | D:3      | Reached skill level 3 in Axes
  3425 | D:4      | Reached *** piety under Lugonu
  3438 | D:4      | Noticed grindst0ne's ghost (novice HaSk)
  3679 | D:4      | Got a distressingly furry scale mail
  3690 | D:4      | Identified the +1 scale mail "Nihul" {rElec rN+ Dex+2} (You found it on level 4 of the Dungeon)
  3699 | D:5      | Entered Level 5 of the Dungeon
  3896 | D:4      | Reached XP level 6. HP: 51/52 MP: 7/7
  3900 | D:4      | Found a staircase to the Ecumenical Temple.
  3950 | Temple   | Entered the Ecumenical Temple
  3993 | D:4      | Killed grindst0ne's ghost
  3993 | D:4      | Reached skill level 4 in Axes
  3993 | D:4      | Gained mutation: You may emit foul miasma when damaged in melee. [demonic ancestry]
  3993 | D:4      | Reached XP level 7. HP: 53/59 MP: 8/8
  4181 | D:4      | Learned a level 3 spell: Confuse
  4427 | D:5      | Reached skill level 5 in Axes
  4530 | D:6      | Reached skill level 1 in Hexes
  4536 | D:6      | Noticed Pikel
  4547 | D:6      | Noticed a hippogriff
  4565 | D:7      | HP: 3/60 [centaur (4)]
  4566 | D:7      | Gained mutation: You are slightly more attuned to the shadows. [demonic ancestry]
  4566 | D:7      | Reached XP level 8. HP: 10/67 MP: 9/9
  4813 | D:7      | Reached skill level 6 in Axes
  4837 | D:7      | HP: 3/67 [poisoned by a killer bee]
  4837 | D:7      | Slain by a killer bee

Vault maps used:
D:1:      erik_arrival_gehennom
D:2:      minivault_23
D:3:      first_bread, minivault_25
D:4:      minmay_temple_entry_trees, kennysheep_generic_room_8
D:5:      nicolae_sextant, uniq_duvessa
D:6:      grunt_qazlal_clouds, uniq_sigmund, uniq_pikel, uniq_prince_ribbit1
D:7:      gammafunk_temple_overflow_elements, serial_shops, shop_coins
Temple:   regret_index_temple_chain_breaker

Skill      XL: |  1  2  3  4  5  6  7  8 |
---------------+-------------------------+-----
Axes           | 2 3 4 5 6 |  6.5
Armour         | 2 3 4 |  4.2
Dodging        | 1 2 |  2.6
Stealth        | 1 |  1.9
Short Blades   | 1 |  1.1
Throwing       | 1 |  1.5
Fighting       | 4 |  4.9
Hexes          | 1 2 |  2.7
Invocations    | |  2.4
Evocations     | |  0.6

Action                   |  1- 3 |  4- 6 |  7- 9 || total
-------------------------+-------+-------+-------++-------
Melee: Hand axe          |   129 |     4 |       ||   133
       War axe           |    15 |   119 |   126 ||   260
       Dagger            |       |    57 |       ||    57
 Fire: Blowgun           |       |    35 |       ||    35
Evoke: Wand              |       |       |    10 ||    10
  Use: Potion            |       |     1 |     8 ||     9
       Scroll            |       |     1 |     7 ||     8
 Stab: Sleeping          |     1 |     1 |       ||     2
       Confused          |       |       |     1 ||     1
  Eat: Bread ration      |     1 |       |     1 ||     2
       Meat ration       |       |     1 |       ||     1
Armor: Leather armour    |    59 |    72 |       ||   131
       Scale mail        |       |    21 |   147 ||   168
Dodge: Dodged            |    95 |   146 |   151 ||   392
